[Event "84th Georgian Championship 2025"]
[Site "Tbilisi"]
[Date "2025.02.03"]
[Round "1.1"]
[White "Mchedlishvili, Mikheil"]
[Black "Gagunashvili, Merab"]
[Result "1/2-1/2"]
[Annotator "TA"]
[ECO "C01"]
[WhiteElo "2568"]
[BlackElo "2541"]
[PlyCount "25"]
[EventDate "2025.02.03"]
[EventType "tourn"]
[EventCountry "GEO"]
[SourceTitle "playchess.com"]
[Source "ChessBase"]
[SourceQuality "1"]
[TimeControl "40/5400+30:1800+30"]

1. e4 e5 2. Nf3 Nf6 3. Nxe5 d6 4. Nf3 Nxe4 5. d3 Nf6 6. d4 d5 7. Bd3 Bd6 8. Qe2+ Qe7 9. Qxe7+ Bxe7 10. O-O {[%emt 0:01:00] C01: French: Exchange Variation.} O-O 11. c3 Re8 $146 (11... Bd6 12. Re1 Re8 13. Rxe8+ Nxe8 14. Bg5 Bg4 15. Nbd2 Nd7 16. Re1 Bxf3 17. Nxf3 Nef6 18. Bxf6 Nxf6 19. Kf1 Kf8 {½-½ Vanczak,T (2350)-Papp,L (2403) Budapest FS11 GM 2020 (1)}) 12. Bg5 h6 13. Bh4 {[%emt 1:27:35] Not much happened in this game.   Weighted Error Value: White=0.12 (very precise) /Black=0.08 (flawless)} 1/2-1/2

[Event "84th Georgian Championship 2025"]
[Site "Tbilisi"]
[Date "2025.02.03"]
[Round "1.2"]
[White "Paichadze, Luka"]
[Black "Quparadze, Giga"]
[Result "1/2-1/2"]
[Annotator "TA"]
[ECO "B22"]
[WhiteElo "2532"]
[BlackElo "2537"]
[PlyCount "119"]
[EventDate "2025.02.03"]
[EventType "tourn"]
[EventCountry "GEO"]
[SourceTitle "playchess.com"]
[Source "ChessBase"]
[SourceQuality "1"]
[TimeControl "40/5400+30:1800+30"]

1. e4 c5 2. c3 d5 3. exd5 Qxd5 4. d4 Nf6 5. Nf3 e6 6. Bd3 Nc6 7. O-O Be7 8. dxc5 Qxc5 $1 {[%emt 0:01:09][%mdl 4] now scores much better than the old 8...Bxc5.} 9. Nbd2 O-O 10. Qe2 Qh5 {[%emt 0:00:32] B22: Sicilian: 2 c3.} 11. Ne4 Nxe4 12. Bxe4 Bd6 $146 (12... Bd7 13. Re1 Bd6 14. Qd1 f5 15. Bc2 Rf6 16. Qxd6 Rg6 17. Bd1 e5 18. Qxd7 Rd8 19. Nxe5 Rxd7 20. Bxh5 Re6 21. Bf4 Nxe5 22. Rxe5 Rxe5 23. Bxe5 Rd2 24. Rd1 {1-0 Kostolansky,S (2393)-Gasimov,P (2337) EU-Cup Online Gr-G rapid 2021 (1.3)}) 13. h3 Ne5 14. Bf4 Nxf3+ 15. Bxf3 Qc5 16. Bxd6 Qxd6 17. Rad1 Qc7 18. Rfe1 Rb8 19. Rd4 Bd7 20. Qe5 Rfc8 21. Rd6 Be8 22. Re4 Qc5 23. Qg3 Rd8 24. Rdd4 Bc6 (24... Qe7 {simplifies} 25. Rc4 Rbc8 26. Rxc8 Rxc8 27. Rd4 b6) 25. Re3 Bxf3 26. Rxf3 e5 {[%emt 0:00:41] [#]} (26... Rbc8 $11) 27. Re4 $1 $16 Qd5 (27... Qb5 $142) 28. Rxe5 Qxa2 29. Re7 {[%emt 0:00:28] Active counter play!} h6 {[%emt 0:00:44] [#]} (29... Rf8 $16 30. Qe5 Rbd8) 30. Qc7 (30. Qe5 $1 $18 {Threatens to win with Kh2.} Rf8 31. Kh2) 30... Rd1+ 31. Kh2 Rf8 32. Qxb7 Qb1 {[%emt 0:00:04] and ...Rh1+ should not be overlooked} 33. Qe4 (33. Rfxf7 $2 Rh1+ 34. Kg3 Qg6+ 35. Kf3 Rxf7+ $19 (35... Qxf7+ $2 36. Rxf7 Rxf7+ 37. Qxf7+ Kxf7 38. Ke2 $19)) 33... Qxb2 {[%emt 0:00:06] [#]} 34. Rexf7 $1 Qb8+ 35. R7f4 Rxf4 36. Rxf4 {[%emt 0:00:12][%mdl 4096] Endgame KQR-KQR. White is a pawn up.} (36. Qxf4 $6 Qxf4+ 37. Rxf4 Rc1 $15) 36... Qd6 37. c4 Re1 38. Qa8+ (38. Qxe1 Qxf4+ 39. g3 Qxc4 $15) 38... Kh7 39. g3 Qd3 40. Rf8 (40. Qxa7 {is a self mate.} Qf1) (40. h4 $16) 40... Qxc4 $11 41. h4 (41. Qxa7 Qf1 $19) 41... Qe4 42. Qxe4+ (42. Qxa7 $2 Qh1#) 42... Rxe4 {[%emt 0:00:05] KR-KR} 43. Ra8 Re7 44. h5 Re5 45. g4 a5 46. Kg3 Rb5 47. f3 Rc5 48. Ra7 Kg8 49. f4 Rc3+ 50. Kf2 Ra3 51. g5 hxg5 52. fxg5 {[%emt 0:17:10] g6 would kill now.} Rc3 (52... Kf8 $11 {remains equal.}) 53. g6 $16 Rc8 {[%emt 0:01:03] Inhibits Ra8.} 54. Rxa5 Rf8+ 55. Kg3 Rb8 56. Kf4 Rf8+ 57. Rf5 (57. Kg4 $16) 57... Rxf5+ $11 58. Kxf5 Kh8 59. Ke6 Kg8 60. Ke5 {[%emt 0:04:00] Blacks defense is rewarded with a draw.   Weighted Error Value: White=0.15 (very precise) /Black=0.13 (very precise)   Mistake:       	White=3     	Black=4      Inaccurate:     	White=1     	Black=7      OK:         	White=16    	Black=22     Best:        	White=1     	Black=5      Strong:       	White=1     	---} 1/2-1/2

[Event "84th Georgian Championship 2025"]
[Site "Tbilisi"]
[Date "2025.02.03"]
[Round "1.3"]
[White "Nigalidze, Gaioz"]
[Black "Tutisani, Noe"]
[Result "1/2-1/2"]
[Annotator "TA"]
[ECO "B51"]
[WhiteElo "2378"]
[BlackElo "2439"]
[PlyCount "34"]
[EventDate "2025.02.03"]
[EventType "tourn"]
[EventCountry "GEO"]
[SourceTitle "playchess.com"]
[Source "ChessBase"]
[SourceQuality "1"]
[TimeControl "40/5400+30:1800+30"]

1. e4 c5 2. Nf3 d6 3. d4 cxd4 4. Bb5+ Nd7 5. Qxd4 a6 {[%emt 0:00:07] The position is equal.} 6. Be2 {[%emt 0:00:11] B51: Sicilian: Moscow Variation (3 Bb5+) without 3...Bd7.} Ngf6 7. O-O e5 8. Qe3 Ng4 9. Qd2 Ngf6 10. Nc3 Be7 $146 (10... Nc5 11. Rd1 Ncxe4 12. Nxe4 Nxe4 13. Qe3 d5 14. Nxe5 Be6 15. Nd3 Bd6 16. Qd4 O-O {½-½ Borges,J (2298)-Lisak,J (2168) Champion's League 2021/C4 email}) 11. Rd1 O-O 12. a4 Nc5 13. Qe3 Ng4 14. Qd2 Nf6 15. Qe3 Ng4 16. Qd2 Nf6 17. Qe3 {[%emt 0:00:10] and Nxe5 would now be decisive} Ng4 {[%emt 0:00:02] An uneventful encounter.   Weighted Error Value: White=0.04 (flawless) /Black=0.01 (flawless)   OK:         	White=5     	Black=9} 1/2-1/2

[Event "84th Georgian Championship 2025"]
[Site "Tbilisi"]
[Date "2025.02.03"]
[Round "1.4"]
[White "Petriashvili, Nikoloz"]
[Black "Kacharava, Nikolozi"]
[Result "1-0"]
[Annotator "TA"]
[ECO "C90"]
[WhiteElo "2450"]
[BlackElo "2524"]
[PlyCount "79"]
[EventDate "2025.02.03"]
[EventType "tourn"]
[EventCountry "GEO"]
[SourceTitle "playchess.com"]
[Source "ChessBase"]
[SourceQuality "1"]
[TimeControl "40/5400+30:1800+30"]

1. e4 e5 2. Nf3 Nc6 3. Bb5 a6 4. Ba4 Nf6 5. O-O Be7 6. Re1 b5 7. Bb3 d6 8. a4 Bg4 9. c3 O-O 10. d3 Na5 11. Bc2 b4 12. Nbd2 c5 13. h3 Bd7 {[%emt 0:10:19] The position is equal.} 14. cxb4 cxb4 15. Nb3 Rc8 16. Nxa5 Qxa5 17. Bb3 Bc6 18. Nh4 g6 {[%emt 0:00:51] Inhibits Nf5.} 19. Bh6 Rfd8 20. Qf3 Bd7 {[%emt 0:07:05] [#] Against Nf5} ({Better is} 20... Kh8) 21. Nf5 $1 gxf5 22. Qg3+ Ng4 23. exf5 Bxf5 24. Re4 Kh8 (24... Bxe4 $2 25. dxe4 (25. hxg4 $2 Bg6 $19) 25... Kh8 26. Qxg4 $18) 25. Rxg4 Bxg4 26. Qxg4 Bf8 {[%emt 0:05:33] Prevents Qg7+} 27. Bg5 {[%emt 0:00:44] White is much more active. A strong pair of Bishops.} Bg7 {[%emt 0:00:16] Inhibits Bf6.} 28. Bxd8 $40 {[%emt 0:00:28][%mdl 128] White attacks with force.} Qxd8 {[%emt 0:00:19] Black is weak on the light squares} 29. Bxf7 a5 30. Re1 Rc2 (30... Qc7 $16) 31. Re3 $18 Rxb2 (31... Rc1+ $142 32. Kh2 Rc7) 32. Rg3 $1 Qf8 {[%emt 0:00:12] [#]} 33. Rf3 {[%emt 0:00:43] Intending Bd5 and mate.} b3 $2 {[%emt 0:02:14] [#]} (33... e4 $18 34. Qxe4 (34. dxe4 Rb1+ 35. Kh2 Be5+ 36. g3 Rb2 $18) 34... Qd8) 34. Bxb3 $1 Rxb3 {[%emt 0:00:19] White is clearly winning.} (34... Qd8 35. Rf7) 35. Rxf8+ Bxf8 {[%emt 0:00:07] KQ-KRB} 36. Qc8 Rb1+ 37. Kh2 Kg8 38. Qa6 Rd1 39. Qc4+ Kh8 40. Qf7 {[%emt 0:00:00] Weighted Error Value: White=0.07 (flawless) /Black=0.53.  Mistake:       	White=1     	Black=4      Inaccurate:     	---       	Black=1      OK:         	White=13    	Black=7      Best:        	White=1     	Black=1      Strong:       	White=1     	---} 1-0

[Event "84th Georgian Championship 2025"]
[Site "Tbilisi"]
[Date "2025.02.03"]
[Round "1.5"]
[White "Pantsulaia, Levan"]
[Black "Sanikidze, Tornike"]
[Result "1-0"]
[Annotator "TA"]
[ECO "A13"]
[WhiteElo "2522"]
[BlackElo "2432"]
[PlyCount "113"]
[EventDate "2025.02.03"]
[EventType "tourn"]
[EventCountry "GEO"]
[SourceTitle "playchess.com"]
[Source "ChessBase"]
[SourceQuality "1"]
[TimeControl "40/5400+30:1800+30"]

1. Nf3 d5 2. g3 Nf6 3. Bg2 c5 4. c4 d4 5. e3 Nc6 6. exd4 cxd4 7. O-O e6 8. d3 Bd6 {[%emt 0:02:52] A13: English Opening: 1...e6.} 9. Bg5 h6 10. Bxf6 Qxf6 {[%emt 0:00:05] The position is equal.} 11. Nbd2 Qd8 12. Rc1 O-O 13. c5 Bc7 14. Qa4 a5 15. a3 Ra6 16. Rfe1 e5 (16... Re8 $11) 17. Nc4 $14 Re8 18. Nfd2 f5 {[%emt 0:00:38] Wards off Ne4} 19. Qd1 $5 $146 {[%emt 0:11:36][%mdl 8] An interesting novelty.} (19. Nb6 $14) (19. Nd6 Bxd6 20. cxd6 Qxd6 21. Qb5 Kh7 22. Rc5 Bd7 23. Qxb7 Qxc5 24. Qxa6 Qc2 25. Nc4 {½-½ Harutyunian,T (2573)-Khademalsharieh,S (2490) Sharjah Masters 4th 2021 (3)}) 19... Kh7 $11 20. Qh5 g6 21. Qf3 Kg7 22. Qd5 Qf6 23. Nd6 Rd8 24. N2c4 {[%emt 0:01:02] White is much more active. A dynamic duo of knights.} (24. Qc4 $16) 24... Be6 25. Qf3 Bxc4 26. Nxc4 a4 $1 27. Qd1 Rd7 (27... h5 $11) 28. b4 axb3 29. Qxb3 Na5 30. Qb5 Re7 31. Nd2 (31. Bxb7 Nxb7 32. Qxb7 Ba5 33. Nxa5 Rxb7 34. Nxb7 Qc6 (34... Rxa3 35. c6 $11)) (31. a4 $14) 31... Ra7 32. c6 $36 {[%emt 0:08:37][%mdl 2048] White fights for an advantage.} e4 33. dxe4 (33. cxb7 $1 $16 Rxb7 34. Qa4) 33... bxc6 $14 34. Qd3 f4 35. Nf3 fxg3 36. hxg3 Bb6 $2 {[%emt 0:00:01] Black cannot hold the game after this.} (36... Rb7 $16) 37. e5 $18 Qe6 38. Nh4 {[%emt 0:02:31][%cal Bf3h4,Bh4g6,Bg6f8,Bf8e6][%mdl 32] Be4 would now be deadly.} (38. Nxd4 Bxd4 39. Qxd4 Nb3 $17) 38... c5 $2 {[%emt 0:00:56] [#]} (38... Rac7 {keeps fighting.} 39. Rb1 Ba7) 39. Bd5 $1 Qxd5 (39... Qg4 40. Qb1) 40. Qxg6+ Kf8 41. Qxb6 Nb3 (41... Qe6 $142 42. Qb8+ (42. Qxc5 Nb3 $18) 42... Kg7 43. Rxc5 Nb3) 42. Ng6+ (42. Qxh6+ Ke8 $18) 42... Kg8 43. Qf6 Rg7 44. e6 {[%emt 0:01:16] Prevents Raf7.} Kh7 (44... Ra8 $142 45. Re5 Qd6) 45. Nf8+ Kg8 46. e7 $2 (46. Nd7 {Threatening mate with e7.} Raxd7 47. exd7 (47. e7 $2 Rdxe7 48. Rxe7 Rxe7 $19) 47... Qxd7 48. Rb1) 46... Raxe7 47. Rxe7 Rxe7 48. Qxe7 Nxc1 {[%emt 0:00:04][%mdl 4096] Endgame KQN-KQN} 49. Ne6 $1 Ne2+ {[%emt 0:00:10] [#]} 50. Kh2 $1 (50. Kf1 Nxg3+ 51. fxg3 Qf3+ 52. Ke1 Qe3+ 53. Kf1 (53. Kd1 Qf3+ 54. Ke1 Qxg3+ 55. Ke2 Qe3+ 56. Kf1 Qf3+ 57. Ke1 Qe3+ 58. Kd1 Qd3+ 59. Ke1 Qg3+ 60. Kf1 Qf3+ 61. Kg1 Qg3+ 62. Kh1 Qh3+ 63. Kg1 Qg3+ 64. Kf1 Qf3+ $11) 53... Qf3+ 54. Kg1 Qxg3+ 55. Kh1 Qh3+ 56. Kg1 Qg3+ 57. Kh1 Qh3+ 58. Kg1 Qg3+ $11) 50... Qh5+ 51. Kg2 Qf7 (51... Qd5+ $2 52. f3 Qe5 53. Qe8+ (53. Qxc5 Qxe6 54. Qb5 Kf7 $19) 53... Kh7 54. Nf8+ Kg8 55. Qxe5 $18) (51... Qg6 52. Nxc5 Nf4+ 53. Kg1 (53. Kf3 Nd3 $18) 53... Nh3+ 54. Kf1 Ng5 55. Qd8+ Kh7 56. Qxd4 Qc6) 52. Qd8+ {[%emt 0:00:47] White is clearly winning.} (52. Qxc5 $2 {is the wrong capture.} Qxe6 53. Qb5 Qe4+ 54. f3 Qe3 55. Qd5+ Kg7 56. Qd7+ Kf6 57. Qd8+ Ke6 58. Qb6+ Kf7 59. Qb7+ Qe7 60. Qd5+ Kf6 $19) (52. Qxf7+ Kxf7 53. Nxc5 Ke7 $18) 52... Kh7 {[%emt 0:00:04] [#]} 53. Qd5 ({Not} 53. Nxc5 Nf4+ 54. gxf4 Qg6+ 55. Kf3 (55. Kf1 Qb1+ 56. Kg2 Qg6+ 57. Kh2 Qh5+ 58. Kg3 Qxc5 $16) 55... Qh5+ 56. Ke4 Qxc5 $16) 53... Kg6 {[%emt 0:04:59] Prevents Ng5.} 54. Qe4+ Kf6 55. Nxc5 Qa2 56. a4 Kg7 57. Qf5 {[%emt 0:01:02] Weighted Error Value: White=0.39/Black=0.67  Loses game:     	---       	Black=1      Mistake:       	White=4     	Black=6      Inaccurate:     	White=1     	Black=4      OK:         	White=18    	Black=13     Best:        	White=6     	Black=9      Strong:       	White=2     	Black=1      Brilliant:      	White=1     	---} 1-0